[ AOE2 MATCH · #478132890 ]
Team RMTeutons vs Portuguese
[ REPLAY ANALYSIS · EXTRACTED FROM THE RECORDED GAME ]
Feudal
15:21
Castle
—
Imperial
—
| APM avg | 28.7 |
| APM peak | 78 |
| eAPM avg | 15.7 |
| Villagers / military | 40 / 6 |
Focus
⚔️ 15.1% · 🌾 84.9%
Spearman ×6
Feudal
—
Castle
—
Imperial
—
| APM avg | 3.0 |
| APM peak | 22 |
| eAPM avg | 1.9 |
| Villagers / military | 18 / 0 |
Focus
⚔️ 9.1% · 🌾 90.9%
Feudal
13:49
Castle
—
Imperial
—
| APM avg | 10.9 |
| APM peak | 18 |
| eAPM avg | 7.7 |
| Villagers / military | 45 / 16 |
Focus
⚔️ 17.8% · 🌾 82.2%
Militia ×16
Feudal
—
Castle
—
Imperial
—
| APM avg | 7.3 |
| APM peak | 23 |
| eAPM avg | 5.6 |
| Villagers / military | 35 / 0 |
Focus
⚔️ 0.0% · 🌾 100.0%
Trade Cart ×6
Feudal
—
Castle
—
Imperial
—
| APM avg | 15.1 |
| APM peak | 54 |
| eAPM avg | 9.7 |
| Villagers / military | 64 / 0 |
Focus
⚔️ 4.1% · 🌾 95.9%
Feudal
—
Castle
—
Imperial
—
| APM avg | 8.2 |
| APM peak | 33 |
| eAPM avg | 5.5 |
| Villagers / military | 39 / 0 |
Focus
⚔️ 4.4% · 🌾 95.6%
Feudal
—
Castle
—
Imperial
—
| APM avg | 6.5 |
| APM peak | 26 |
| eAPM avg | 4.4 |
| Villagers / military | 32 / 0 |
Focus
⚔️ 1.1% · 🌾 98.9%
Feudal
10:24
Castle
18:20
Imperial
—
| APM avg | 8.4 |
| APM peak | 32 |
| eAPM avg | 6.2 |
| Villagers / military | 40 / 3 |
Focus
⚔️ 2.9% · 🌾 97.1%
Mangonel ×3
Match map
Resources at game start + every placement click. Thick line = wall · dashed box = detected house wall. 🟡 gold · ⚪ stone · 🟢 berries · 🔶 boar · ⭕ relic
Inputs per minute
— Twixxo - - NATIVE RADIX
Build order — Twixxo
108 actions detected in the replay
| 0:02 | Create | Villager (Male) |
| 0:04 | Build | House |
| 0:25 | Build | House |
| 0:35 | Create | Villager (Male) |
| 0:56 | Create | Villager (Male) |
| 0:58 | Research | Loom |
| 0:59 | Create | Villager (Male) |
| 1:29 | Create | Villager (Male) |
| 1:29 | Create | Villager (Male) |
| 1:50 | Create | Villager (Male) |
| 2:22 | Create | Villager (Male) |
| 3:14 | Create | Villager (Male) |
| 3:38 | Create | Villager (Male) |
| 4:14 | Create | Villager (Male) |
| 4:43 | Create | Villager (Male) |
| 5:23 | Build | Palisade Wall |
| 6:11 | Create | Villager (Male) |
| 6:55 | Create | Villager (Male) |
| 7:03 | Build | House |
| 7:04 | Build | House |
| 7:10 | Build | Lumber Camp |
| 7:29 | Create | Villager (Male) |
| 7:58 | Build | Palisade Wall |
| 8:03 | Create | Villager (Male) |
| 8:08 | Create | Villager (Male) |
| 8:18 | Build | Mill |
| 8:20 | Create | Villager (Male) |
| 8:23 | Create | Villager (Male) |
| 8:48 | Create | Villager (Male) |
| 8:51 | Create | Villager (Male) |
| 9:05 | Build | Lumber Camp |
| 10:09 | Create | Villager (Male) |
| 10:18 | Create | Villager (Male) |
| 10:26 | Create | Villager (Male) |
| 10:54 | Build | Mining Camp |
| 11:04 | Create | Villager (Male) |
| 11:21 | Build | House |
| 11:22 | Build | House |
| 11:30 | Build | Mining Camp |
| 11:34 | Create | Villager (Male) |
| 12:08 | Create | Villager (Male) |
| 12:46 | Create | Villager (Male) |
| 12:59 | Research | Feudal Age |
| 13:15 | Build | Barracks |
| 13:36 | Build | Mining Camp |
| 13:52 | Build | Farm |
| 13:57 | Build | Farm |
| 14:04 | Build | Farm |
| 14:38 | Build | House |
| 14:41 | Create | Villager (Male) |
| 14:58 | Build | House |
| 15:11 | Create | Villager (Male) |
| 15:21 | Age | Feudal Age |
| 15:22 | Research | Wheelbarrow |
| 15:23 | Research | Double-Bit Axe |
| 15:27 | Build | Stone Wall |
| 15:54 | Build | Stone Wall |
| 15:58 | Build | Building 490 |
| 16:04 | Build | Stone Wall |
| 16:08 | Build | Stone Wall |
| 16:10 | Create | Spearman |
| 16:15 | Create | Spearman |
| 16:23 | Create | Villager (Male) |
| 16:32 | Create | Villager (Male) |
| 16:39 | Build | Farm |
| 16:46 | Build | Farm |
| 16:50 | Build | Farm |
| 16:53 | Build | Farm |
| 17:14 | Create | Spearman |
| 17:19 | Build | Stable |
| 17:37 | Build | Mining Camp |
| 17:46 | Create | Villager (Male) |
| 17:52 | Research | Horse Collar |
| 17:54 | Research | Gold Mining |
| 18:02 | Create | Villager (Male) |
| 18:32 | Create | Spearman |
| 18:36 | Create | Villager (Male) |
| 18:38 | Build | Farm |
| 18:44 | Build | Farm |
| 18:54 | Create | Villager (Male) |
| 19:23 | Build | House |
| 19:27 | Create | Villager (Male) |
| 19:52 | Build | House |
| 19:55 | Build | House |
| 19:57 | Create | Villager (Male) |
| 20:02 | Build | Farm |
| 20:05 | Build | Farm |
| 20:10 | Build | Farm |
| 20:18 | Build | Farm |
| 20:21 | Build | Blacksmith |
| 20:37 | Build | Market |
| 20:50 | Create | Villager (Male) |
| 21:13 | Build | Farm |
| 21:25 | Build | Farm |
| 23:09 | Create | Spearman |
| 23:16 | Create | Villager (Male) |
| 23:22 | Research | Castle Age |
| 23:27 | Build | House |
| 23:31 | Build | House |
| 23:31 | Build | House |
| 23:39 | Research | Bloodlines |
| 23:46 | Build | Lumber Camp |
| 24:00 | Build | Market |
| 24:09 | Create | Spearman |
| 24:16 | Build | Farm |
| 24:23 | Research | Forging |
| 24:23 | Research | Scale Mail Armor |
| 24:23 | Research | Scale Barding Armor |
Build order — NATIVE RADIX
25 actions detected in the replay
| 0:05 | Build | House |
| 0:11 | Build | House |
| 0:14 | Create | Villager (Male) |
| 0:14 | Create | Villager (Male) |
| 0:14 | Create | Villager (Male) |
| 0:15 | Create | Villager (Male) |
| 0:15 | Create | Villager (Male) |
| 0:34 | Build | House |
| 1:39 | Create | Villager (Male) |
| 1:39 | Create | Villager (Male) |
| 2:23 | Create | Villager (Male) |
| 2:24 | Create | Villager (Male) |
| 2:24 | Create | Villager (Male) |
| 2:32 | Research | Loom |
| 3:06 | Create | Villager (Male) |
| 3:07 | Create | Villager (Male) |
| 3:27 | Create | Villager (Male) |
| 3:28 | Create | Villager (Male) |
| 3:34 | Build | House |
| 3:36 | Build | House |
| 3:37 | Build | House |
| 3:47 | Create | Villager (Male) |
| 3:47 | Create | Villager (Male) |
| 4:07 | Create | Villager (Male) |
| 4:07 | Create | Villager (Male) |
Build order — Jakawaka
125 actions detected in the replay
| 0:04 | Build | House |
| 0:05 | Build | House |
| 0:07 | Build | House |
| 0:08 | Create | Villager (Male) |
| 0:32 | Create | Villager (Male) |
| 0:33 | Create | Villager (Male) |
| 1:01 | Create | Villager (Male) |
| 1:01 | Create | Villager (Male) |
| 1:34 | Create | Villager (Male) |
| 2:01 | Create | Villager (Male) |
| 2:02 | Create | Villager (Male) |
| 2:16 | Create | Villager (Male) |
| 2:40 | Build | Mill |
| 2:58 | Create | Villager (Male) |
| 3:35 | Create | Villager (Male) |
| 3:44 | Build | House |
| 3:46 | Build | House |
| 4:15 | Create | Villager (Male) |
| 4:49 | Create | Villager (Male) |
| 5:21 | Create | Villager (Male) |
| 5:48 | Create | Villager (Male) |
| 6:40 | Create | Villager (Male) |
| 7:49 | Build | Lumber Camp |
| 7:52 | Create | Villager (Male) |
| 8:18 | Build | Barracks |
| 8:24 | Create | Villager (Male) |
| 8:34 | Create | Villager (Male) |
| 8:50 | Create | Villager (Male) |
| 9:16 | Research | Loom |
| 9:17 | Create | Villager (Male) |
| 9:36 | Create | Villager (Male) |
| 9:46 | Build | Farm |
| 10:09 | Build | Farm |
| 10:11 | Create | Villager (Male) |
| 10:31 | Build | Farm |
| 10:57 | Build | House |
| 11:00 | Build | House |
| 11:01 | Build | House |
| 11:14 | Create | Villager (Male) |
| 11:33 | Research | Feudal Age |
| 11:58 | Build | House |
| 11:59 | Build | House |
| 12:54 | Build | Lumber Camp |
| 13:14 | Create | Villager (Male) |
| 13:42 | Build | Lumber Camp |
| 13:49 | Age | Feudal Age |
| 14:03 | Create | Villager (Male) |
| 14:10 | Research | Double-Bit Axe |
| 14:12 | Research | Horse Collar |
| 14:23 | Create | Villager (Male) |
| 14:38 | Build | Barracks |
| 14:41 | Build | Barracks |
| 14:48 | Create | Villager (Male) |
| 14:52 | Create | Villager (Male) |
| 15:12 | Build | Mining Camp |
| 15:17 | Build | Farm |
| 15:17 | Build | Farm |
| 15:18 | Build | Farm |
| 15:19 | Build | Farm |
| 15:20 | Build | Farm |
| 15:22 | Build | Farm |
| 15:29 | Create | Villager (Male) |
| 15:53 | Build | Barracks |
| 16:02 | Create | Villager (Male) |
| 16:32 | Build | Barracks |
| 16:36 | Build | Barracks |
| 16:40 | Build | Barracks |
| 16:44 | Build | Barracks |
| 17:00 | Create | Villager (Male) |
| 17:04 | Create | Villager (Male) |
| 17:26 | Build | Mill |
| 17:27 | Build | Farm |
| 17:28 | Build | Farm |
| 17:28 | Build | Farm |
| 17:30 | Build | Farm |
| 17:45 | Create | Militia |
| 17:46 | Create | Militia |
| 17:47 | Create | Militia |
| 17:53 | Build | Farm |
| 17:57 | Build | Farm |
| 18:15 | Create | Militia |
| 18:25 | Create | Villager (Male) |
| 18:34 | Build | Blacksmith |
| 18:43 | Create | Villager (Male) |
| 18:52 | Create | Militia |
| 19:05 | Build | Farm |
| 19:25 | Create | Militia |
| 19:27 | Create | Militia |
| 19:28 | Create | Villager (Male) |
| 19:29 | Create | Villager (Male) |
| 19:29 | Create | Villager (Male) |
| 19:43 | Build | Mill |
| 19:44 | Build | Farm |
| 19:53 | Build | Farm |
| 19:53 | Build | Farm |
| 19:54 | Build | Farm |
| 19:55 | Build | Farm |
| 20:05 | Build | House |
| 20:11 | Build | House |
| 20:13 | Build | House |
| 20:15 | Build | House |
| 20:42 | Build | Farm |
| 20:48 | Create | Villager (Male) |
| 20:52 | Create | Villager (Male) |
| 21:27 | Create | Villager (Male) |
| 21:54 | Create | Militia |
| 21:55 | Create | Militia |
| 21:55 | Create | Militia |
| 22:00 | Create | Militia |
| 22:01 | Create | Militia |
| 22:05 | Create | Militia |
| 22:20 | Create | Villager (Male) |
| 22:27 | Build | Farm |
| 22:28 | Build | Farm |
| 22:29 | Build | Farm |
| 23:29 | Build | Archery Range |
| 23:39 | Create | Villager (Male) |
| 23:43 | Create | Villager (Male) |
| 23:49 | Research | Gold Mining |
| 24:11 | Research | Castle Age |
| 24:15 | Create | Villager (Male) |
| 24:21 | Create | Militia |
| 24:23 | Research | Arson |
| 24:24 | Create | Militia |
| 24:24 | Create | Militia |
Build order — Squirtle8508
78 actions detected in the replay
| 0:04 | Create | Villager (Male) |
| 0:04 | Create | Villager (Male) |
| 0:04 | Create | Villager (Male) |
| 0:05 | Create | Villager (Male) |
| 0:05 | Create | Villager (Male) |
| 0:18 | Build | House |
| 0:20 | Build | House |
| 0:21 | Build | House |
| 0:23 | Build | House |
| 1:57 | Build | Lumber Camp |
| 2:00 | Create | Villager (Male) |
| 2:53 | Create | Villager (Male) |
| 3:04 | Create | Villager (Male) |
| 3:34 | Create | Villager (Male) |
| 3:34 | Create | Villager (Male) |
| 3:48 | Create | Villager (Male) |
| 3:49 | Create | Villager (Male) |
| 4:18 | Create | Villager (Male) |
| 4:33 | Create | Villager (Male) |
| 4:55 | Create | Villager (Male) |
| 5:09 | Create | Villager (Male) |
| 5:58 | Create | Villager (Male) |
| 5:58 | Create | Villager (Male) |
| 6:34 | Build | Mill |
| 7:16 | Create | Villager (Male) |
| 7:16 | Create | Villager (Male) |
| 7:45 | Create | Villager (Male) |
| 8:33 | Build | House |
| 8:34 | Build | House |
| 8:35 | Build | House |
| 8:36 | Build | House |
| 8:39 | Build | House |
| 8:39 | Build | House |
| 9:15 | Create | Villager (Male) |
| 9:16 | Create | Villager (Male) |
| 9:16 | Create | Villager (Male) |
| 9:17 | Create | Villager (Male) |
| 10:49 | Build | Lumber Camp |
| 11:10 | Research | Feudal Age |
| 13:33 | Build | Market |
| 14:50 | Build | Market |
| 14:56 | Build | Blacksmith |
| 15:06 | Create | Villager (Male) |
| 15:07 | Create | Villager (Male) |
| 15:07 | Create | Villager (Male) |
| 15:07 | Create | Villager (Male) |
| 15:07 | Create | Villager (Male) |
| 15:50 | Build | Mining Camp |
| 16:04 | Build | Farm |
| 16:04 | Build | Farm |
| 16:05 | Build | Farm |
| 16:06 | Build | Farm |
| 16:07 | Build | Farm |
| 16:08 | Build | Farm |
| 16:10 | Build | Farm |
| 16:11 | Build | Farm |
| 16:22 | Build | Farm |
| 16:23 | Build | Farm |
| 16:25 | Build | Farm |
| 16:26 | Build | Farm |
| 16:28 | Build | Farm |
| 16:36 | Build | Farm |
| 17:57 | Research | Castle Age |
| 18:05 | Research | Double-Bit Axe |
| 18:11 | Research | Horse Collar |
| 20:30 | Create | Trade Cart |
| 20:31 | Create | Trade Cart |
| 20:31 | Create | Trade Cart |
| 20:31 | Create | Trade Cart |
| 20:33 | Create | Trade Cart |
| 20:34 | Create | Trade Cart |
| 20:41 | Research | Bow Saw |
| 20:48 | Create | Villager (Male) |
| 20:48 | Create | Villager (Male) |
| 20:49 | Create | Villager (Male) |
| 20:50 | Create | Villager (Male) |
| 20:50 | Create | Villager (Male) |
| 21:03 | Build | Town Center |
Build order — Campos1372
141 actions detected in the replay
| 0:05 | Create | Villager (Male) |
| 0:05 | Create | Villager (Male) |
| 0:05 | Create | Villager (Male) |
| 0:08 | Build | House |
| 0:09 | Create | Villager (Male) |
| 0:09 | Create | Villager (Male) |
| 0:58 | Build | House |
| 0:59 | Build | House |
| 1:01 | Build | House |
| 1:45 | Create | Villager (Male) |
| 1:46 | Create | Villager (Male) |
| 2:11 | Create | Villager (Male) |
| 2:43 | Create | Villager (Male) |
| 2:43 | Create | Villager (Male) |
| 3:11 | Create | Villager (Male) |
| 3:11 | Create | Villager (Male) |
| 3:15 | Create | Villager (Male) |
| 3:15 | Create | Villager (Male) |
| 3:59 | Build | Mill |
| 4:02 | Create | Villager (Male) |
| 4:03 | Create | Villager (Male) |
| 4:33 | Create | Villager (Male) |
| 4:34 | Create | Villager (Male) |
| 5:50 | Create | Villager (Male) |
| 5:51 | Create | Villager (Male) |
| 5:52 | Create | Villager (Male) |
| 5:52 | Create | Villager (Male) |
| 7:16 | Create | Villager (Male) |
| 7:17 | Create | Villager (Male) |
| 7:18 | Create | Villager (Male) |
| 7:52 | Build | Lumber Camp |
| 8:41 | Create | Villager (Male) |
| 8:41 | Create | Villager (Male) |
| 8:44 | Research | Loom |
| 9:22 | Build | Mining Camp |
| 10:02 | Build | Mining Camp |
| 10:20 | Create | Villager (Male) |
| 11:13 | Research | Feudal Age |
| 11:39 | Create | Villager (Male) |
| 11:40 | Create | Villager (Male) |
| 12:25 | Build | House |
| 12:27 | Build | House |
| 12:29 | Build | House |
| 13:31 | Build | Blacksmith |
| 13:41 | Build | Farm |
| 13:41 | Build | Farm |
| 13:42 | Build | Farm |
| 13:42 | Build | Farm |
| 13:42 | Build | Farm |
| 13:50 | Create | Villager (Male) |
| 13:50 | Create | Villager (Male) |
| 14:00 | Build | Farm |
| 14:00 | Build | Farm |
| 14:00 | Build | Farm |
| 14:00 | Build | Farm |
| 14:01 | Build | Farm |
| 14:01 | Build | Farm |
| 14:15 | Research | Double-Bit Axe |
| 14:43 | Build | Farm |
| 14:44 | Build | Farm |
| 14:44 | Build | Farm |
| 14:45 | Build | Farm |
| 14:47 | Build | Farm |
| 14:51 | Create | Villager (Male) |
| 15:22 | Build | Market |
| 15:29 | Create | Villager (Male) |
| 15:29 | Create | Villager (Male) |
| 15:33 | Build | Farm |
| 15:46 | Build | Farm |
| 15:57 | Create | Villager (Male) |
| 16:01 | Build | Farm |
| 16:02 | Build | Farm |
| 16:30 | Create | Villager (Male) |
| 16:30 | Create | Villager (Male) |
| 16:36 | Build | Farm |
| 16:36 | Build | Farm |
| 17:18 | Research | Castle Age |
| 18:23 | Build | Mining Camp |
| 18:58 | Research | Gold Mining |
| 19:00 | Research | Stone Mining |
| 19:34 | Create | Villager (Male) |
| 19:34 | Create | Villager (Male) |
| 19:35 | Create | Villager (Male) |
| 19:35 | Create | Villager (Male) |
| 19:36 | Create | Villager (Male) |
| 19:37 | Create | Villager (Male) |
| 20:20 | Build | Town Center |
| 20:33 | Build | Town Center |
| 20:50 | Build | Town Center |
| 21:22 | Build | House |
| 21:24 | Build | House |
| 21:25 | Build | House |
| 21:52 | Create | Villager (Male) |
| 21:52 | Create | Villager (Male) |
| 21:53 | Create | Villager (Male) |
| 21:54 | Create | Villager (Male) |
| 22:02 | Create | Villager (Male) |
| 22:02 | Create | Villager (Male) |
| 22:04 | Create | Villager (Male) |
| 22:07 | Create | Villager (Male) |
| 22:08 | Create | Villager (Male) |
| 22:27 | Create | Villager (Male) |
| 22:31 | Build | Farm |
| 22:31 | Build | Farm |
| 22:31 | Build | Farm |
| 22:31 | Build | Farm |
| 22:32 | Build | Farm |
| 22:32 | Build | Farm |
| 22:32 | Build | Farm |
| 22:37 | Create | Villager (Male) |
| 22:37 | Create | Villager (Male) |
| 22:42 | Build | House |
| 22:45 | Build | House |
| 22:47 | Build | House |
| 23:23 | Build | Farm |
| 23:23 | Build | Farm |
| 23:24 | Build | Farm |
| 23:24 | Build | Farm |
| 23:24 | Build | Farm |
| 23:24 | Build | Farm |
| 23:24 | Build | Farm |
| 23:24 | Build | Farm |
| 23:25 | Build | Farm |
| 23:37 | Create | Villager (Male) |
| 23:38 | Create | Villager (Male) |
| 23:40 | Create | Villager (Male) |
| 23:42 | Create | Villager (Male) |
| 23:51 | Build | Farm |
| 23:52 | Build | Farm |
| 23:52 | Build | Farm |
| 23:52 | Build | Farm |
| 23:52 | Build | Farm |
| 23:52 | Build | Farm |
| 23:57 | Create | Villager (Male) |
| 23:58 | Create | Villager (Male) |
| 24:00 | Create | Villager (Male) |
| 24:05 | Create | Villager (Male) |
| 24:09 | Build | Farm |
| 24:10 | Build | Farm |
| 24:10 | Build | Farm |
| 24:10 | Build | Farm |
Build order — JESUSizLORD7590
74 actions detected in the replay
| 0:06 | Build | House |
| 0:09 | Build | House |
| 0:13 | Create | Villager (Male) |
| 0:13 | Create | Villager (Male) |
| 0:14 | Create | Villager (Male) |
| 0:14 | Create | Villager (Male) |
| 0:14 | Create | Villager (Male) |
| 1:40 | Build | House |
| 1:44 | Build | House |
| 1:49 | Create | Villager (Male) |
| 1:49 | Create | Villager (Male) |
| 2:22 | Create | Villager (Male) |
| 2:22 | Create | Villager (Male) |
| 3:38 | Create | Villager (Male) |
| 3:39 | Create | Villager (Male) |
| 3:39 | Create | Villager (Male) |
| 4:43 | Create | Villager (Male) ×2 |
| 4:43 | Create | Villager (Male) |
| 6:32 | Create | Villager (Male) ×5 |
| 7:20 | Build | Mill |
| 7:53 | Create | Villager (Male) |
| 7:53 | Create | Villager (Male) |
| 7:54 | Create | Villager (Male) |
| 9:14 | Create | Villager (Male) |
| 9:42 | Build | Lumber Camp |
| 9:55 | Create | Villager (Male) |
| 9:56 | Create | Villager (Male) |
| 10:25 | Research | Feudal Age |
| 11:16 | Build | House |
| 11:33 | Build | House |
| 11:38 | Build | House |
| 11:48 | Build | House |
| 12:41 | Build | Mining Camp |
| 12:50 | Build | Mining Camp |
| 12:57 | Build | Farm |
| 13:08 | Build | Farm |
| 13:20 | Create | Villager (Male) |
| 13:20 | Create | Villager (Male) |
| 13:20 | Create | Villager (Male) |
| 13:21 | Create | Villager (Male) |
| 13:21 | Create | Villager (Male) |
| 13:39 | Build | House |
| 13:44 | Research | Double-Bit Axe |
| 13:47 | Create | Villager (Male) |
| 13:48 | Create | Villager (Male) |
| 13:48 | Create | Villager (Male) |
| 14:20 | Build | Lumber Camp |
| 15:05 | Research | Horse Collar |
| 15:28 | Build | Farm |
| 15:32 | Build | Farm |
| 15:37 | Build | Farm |
| 16:10 | Build | Market |
| 16:23 | Create | Villager (Male) |
| 16:23 | Create | Villager (Male) |
| 16:49 | Build | Blacksmith |
| 18:11 | Build | Market |
| 18:59 | Research | Castle Age |
| 19:10 | Build | Farm |
| 19:12 | Build | Farm |
| 19:16 | Build | Farm |
| 19:17 | Build | Farm |
| 20:14 | Build | House |
| 20:15 | Build | House |
| 21:18 | Build | Barracks |
| 21:24 | Build | Barracks |
| 22:22 | Create | Villager (Male) |
| 22:22 | Create | Villager (Male) |
| 22:23 | Create | Villager (Male) |
| 22:42 | Build | Castle |
| 23:01 | Build | Archery Range |
| 23:13 | Research | Pikeman (upgrade) |
| 24:02 | Build | House |
| 24:13 | Build | House |
| 24:15 | Build | House |
Build order — DK3175
58 actions detected in the replay
| 0:57 | Create | Villager (Male) |
| 1:47 | Create | Villager (Male) |
| 2:33 | Create | Villager (Male) |
| 2:39 | Create | Villager (Male) |
| 3:07 | Create | Villager (Male) |
| 3:14 | Build | House |
| 3:16 | Build | House |
| 3:23 | Create | Villager (Male) |
| 3:34 | Build | Lumber Camp |
| 3:47 | Create | Villager (Male) |
| 4:10 | Create | Villager (Male) |
| 4:18 | Create | Villager (Male) |
| 5:06 | Create | Villager (Male) |
| 5:07 | Create | Villager (Male) |
| 5:07 | Create | Villager (Male) |
| 5:29 | Create | Villager (Male) |
| 5:58 | Create | Villager (Male) |
| 6:27 | Build | Mill |
| 6:32 | Create | Villager (Male) |
| 7:23 | Create | Villager (Male) |
| 7:24 | Create | Villager (Male) |
| 8:07 | Build | Farm |
| 8:32 | Build | Farm |
| 8:58 | Build | Barracks |
| 9:47 | Research | Feudal Age |
| 10:13 | Build | House |
| 10:16 | Build | House |
| 10:18 | Build | House |
| 10:22 | Build | House |
| 11:14 | Create | Villager (Male) |
| 11:14 | Create | Villager (Male) |
| 11:14 | Create | Villager (Male) |
| 11:14 | Create | Villager (Male) |
| 11:15 | Create | Villager (Male) |
| 11:15 | Create | Villager (Male) |
| 11:34 | Create | Villager (Male) |
| 11:34 | Create | Villager (Male) |
| 12:31 | Build | Mining Camp |
| 12:45 | Build | Market |
| 13:45 | Build | Mill |
| 14:15 | Build | Blacksmith |
| 15:44 | Build | Market |
| 17:03 | Research | Castle Age |
| 17:45 | Research | Double-Bit Axe |
| 18:07 | Research | Horse Collar |
| 18:34 | Build | Farm |
| 19:36 | Create | Villager (Male) |
| 19:36 | Create | Villager (Male) |
| 19:36 | Create | Villager (Male) |
| 19:36 | Create | Villager (Male) |
| 19:37 | Create | Villager (Male) |
| 19:37 | Create | Villager (Male) |
| 19:58 | Build | Town Center |
| 20:20 | Build | Town Center |
| 20:23 | Build | Farm |
| 20:37 | Build | Farm |
| 20:52 | Build | Farm |
| 21:02 | Create | Villager (Male) |
Build order — ItzGangster
80 actions detected in the replay
| 0:07 | Build | House |
| 0:10 | Build | House |
| 0:15 | Create | Villager (Male) |
| 0:16 | Create | Villager (Male) |
| 0:16 | Create | Villager (Male) |
| 0:16 | Create | Villager (Male) |
| 0:17 | Create | Villager (Male) |
| 0:32 | Create | Villager (Male) |
| 0:32 | Create | Villager (Male) |
| 2:01 | Create | Villager (Male) |
| 2:01 | Create | Villager (Male) |
| 2:02 | Create | Villager (Male) |
| 2:28 | Create | Villager (Male) |
| 2:29 | Create | Villager (Male) |
| 2:47 | Create | Villager (Male) |
| 4:16 | Create | Villager (Male) |
| 4:16 | Create | Villager (Male) |
| 4:21 | Build | House |
| 5:25 | Build | Lumber Camp |
| 5:31 | Research | Loom |
| 5:54 | Build | Mill |
| 6:05 | Create | Villager (Male) |
| 8:14 | Research | Feudal Age |
| 8:16 | Create | Villager (Male) |
| 9:43 | Build | Mining Camp |
| 9:46 | Create | Villager (Male) |
| 9:47 | Create | Villager (Male) |
| 10:24 | Age | Feudal Age |
| 10:55 | Build | House |
| 11:26 | Research | Double-Bit Axe |
| 11:31 | Create | Villager (Male) |
| 11:31 | Create | Villager (Male) |
| 12:21 | Create | Villager (Male) |
| 12:36 | Build | Blacksmith |
| 12:53 | Build | Market |
| 13:06 | Create | Villager (Male) |
| 14:35 | Create | Villager (Male) |
| 15:40 | Research | Castle Age |
| 15:52 | Build | Farm |
| 15:52 | Build | Farm |
| 15:53 | Build | Farm |
| 15:55 | Build | Farm |
| 15:56 | Build | Farm |
| 15:57 | Build | Farm |
| 16:01 | Build | Farm |
| 16:03 | Build | Farm |
| 16:05 | Build | Farm |
| 16:07 | Build | Farm |
| 16:19 | Build | House |
| 16:32 | Research | Horse Collar |
| 17:11 | Create | Villager (Male) |
| 17:29 | Create | Villager (Male) |
| 17:29 | Create | Villager (Male) |
| 18:20 | Age | Castle Age |
| 19:10 | Build | Town Center |
| 19:43 | Build | Siege Workshop |
| 19:54 | Build | Farm |
| 20:14 | Build | Lumber Camp |
| 20:17 | Create | Villager (Male) |
| 20:17 | Create | Villager (Male) |
| 20:18 | Create | Villager (Male) |
| 20:20 | Create | Villager (Male) |
| 20:21 | Create | Villager (Male) |
| 21:00 | Create | Villager (Male) |
| 21:00 | Create | Villager (Male) |
| 21:01 | Create | Villager (Male) |
| 21:01 | Create | Villager (Male) |
| 21:12 | Build | Lumber Camp |
| 21:34 | Build | House |
| 21:39 | Build | House |
| 21:40 | Build | House |
| 22:18 | Create | Mangonel |
| 23:14 | Create | Villager (Male) |
| 23:14 | Create | Villager (Male) |
| 23:16 | Create | Villager (Male) |
| 23:16 | Create | Villager (Male) |
| 23:22 | Research | Wheelbarrow |
| 23:25 | Research | Town Watch |
| 23:35 | Create | Mangonel ×2 |
| 24:19 | Build | Farm |
Match timeline
| 5:23 | Twixxo · wall_segment Palisade Wall x28 |
| 6:17 | NATIVE RADIX · resign |
| 7:58 | Twixxo · wall_segment Palisade Wall x1 |
| 8:18 | Jakawaka · first_building Barracks |
| 8:58 | DK3175 · first_building Barracks |
| 10:24 | ItzGangster · age_up feudal |
| 13:15 | Twixxo · first_building Barracks |
| 13:49 | Jakawaka · age_up feudal |
| 15:21 | Twixxo · age_up feudal |
| 15:27 | Twixxo · wall_segment Stone Wall x28 |
| 15:54 | Twixxo · wall_segment Stone Wall x10 |
| 16:04 | Twixxo · wall_segment Stone Wall x9 |
| 16:08 | Twixxo · wall_segment Stone Wall x10 |
| 17:19 | Twixxo · first_building Stable |
| 18:20 | ItzGangster · age_up castle |
| 19:43 | ItzGangster · first_building Siege Workshop |
| 21:18 | JESUSizLORD7590 · first_building Barracks |
| 22:42 | JESUSizLORD7590 · first_building Castle |
| 23:01 | JESUSizLORD7590 · first_building Archery Range |
| 23:29 | Jakawaka · first_building Archery Range |
[ AI ANALYSIS · 1 CREDIT ]
What really happened in this match?
Wolo.gg analyzes every decision: build order, eco, micro, common mistakes by bracket. Personalized analysis on WhatsApp or Discord in 30 seconds.
Civ guide
Teutons
Map guide
Amazon Tunnel
Perfil
Twixxo